 Dungeon Crawl Stone Soup version 0.30-a0-347-gf58ed5266c (webtiles) character file.

Game seed: 16142132616664039746

20 ScottyB the Grave Robber (level 3, -2/25 HPs)
             Began as a Human Necromancer on Nov 5, 2022.
             Slain by a hobgoblin (4 damage)
             ... led by Robin
             ... on level 2 of the Dungeon.
             The game lasted 00:18:18 (1494 turns).

ScottyB the Grave Robber (Human Necromancer)        Turns: 1494, Time: 00:18:19

Health: -2/25      AC:  4    Str:  8    XL:     3   Next: 0%
Magic:  6/6        EV: 12    Int: 15    God:
Gold:   60         SH:  0    Dex: 15    Spells: 5/6 levels left

rFire   . . .      SeeInvis .    e - +0 war axe
rCold   . . .      Faith    .    (no shield)
rNeg    . . .      Spirit   .    a - +0 robe
rPois   .          Reflect  .    (no helmet)
rElec   .          Harm     .    d - +0 cloak
rCorr   .          Rampage  .    f - +0 pair of gloves
Will    .....                    (no boots)
Stlth   ++........               (no amulet)
HPRegen 0.24/turn                (no ring)
MPRegen 0.10/turn                (no ring)

@: no status effects
A: no striking features
a: no special abilities


You were on level 2 of the Dungeon.
You visited 1 branch of the dungeon, and saw 2 of its levels.

You collected 60 gold pieces.

Inventory:

Hand Weapons
 c - a +0 club
 e - a +0 war axe (weapon)
 i - a +0 whip
 p - a +1 dagger of draining
Missiles
 j - 4 atropa-tipped darts
 o - a stone
Armour
 a - a +0 robe (worn)
 d - a +0 cloak (worn)
 f - a +0 pair of gloves (worn)
Jewellery
 l - an amulet of magic regeneration
Scrolls
 g - a scroll of identify {unknown}
 n - a scroll of torment {unknown}
Potions
 b - 2 potions of magic
 h - 2 potions of might {unknown}
 k - a potion of brilliance {unknown}
 m - a potion of curing {unknown}


   Skills:
 + Level 0.8 Fighting
 + Level 0.2 Axes
 + Level 2.1 Dodging
 + Level 2.1 Stealth
 + Level 2.0 Spellcasting
 + Level 4.4 Necromancy


You had 5 spell levels left.
You knew the following spells:

 Your Spells              Type           Power      Damage    Failure   Level
a - Necrotise             Necr           56%        1d6       3%          1

Your spell library contained the following spells:

 Spells                   Type           Power      Damage    Failure   Level
 Vampiric Draining        Necr           14%        2d7       11%         3
 Slow                     Hex            4%         N/A       22%         1
 Animate Dead             Necr           14%        N/A       34%         4
 Confusing Touch          Hex            1%         N/A       54%         3
 Stone Arrow              Conj/Erth      2%         3d7       54%         3
 Agony                    Necr           14%        N/A       69%         5
 Statue Form              Tmut/Erth      0%         N/A       100%        6
 Malign Gateway           Summ/Tloc      0%         N/A       100%        7


Dungeon Overview and Level Annotations

Branches:
Dungeon (2/15)

Altars:

Shops:
D:1 [

Annotations:
D:2 Robin


Message History

The ball python grabs you. The ball python constricts you.
You closely miss the ball python.
The ball python is heavily wounded.
The ball python bites you. The ball python constricts you.
Robin throws the goblin at you!
You hit the ball python.
The ball python is severely wounded.
You barely miss the goblin.
The ball python bites you but does no damage.
The ball python constricts you. The ball python closely misses you.
The ball python constricts you. The goblin hits you but does no damage.
You barely miss the ball python.
The ball python is heavily wounded.
You closely miss the goblin.
The ball python bites you but does no damage.
The ball python constricts you.
Robin says, "A pitiful Human like you will never find the ORB!"
The goblin hits you with a +0 club.
The ball python bites you but does no damage.
The ball python constricts you.
You barely miss the ball python.
The ball python is heavily wounded.
You barely miss the goblin. The goblin hits you with a +0 club.
The ball python bites you but does no damage.
The ball python constricts you. The goblin barely misses you.
The ball python bites you but does no damage.
The ball python constricts you.
You closely miss the goblin. You hit the ball python.
You kill the ball python!
The goblin hits you with a +0 club.
* * * LOW HITPOINT WARNING * * *
You have reached level 3!
Your experience leads to an increase in your attributes!
Increase (S)trength, (I)ntelligence, or (D)exterity?
Uppercase letters only, please.
You feel agile. x2
You slash the goblin!
You kill the goblin!
You hit the hobgoblin. The hobgoblin hits you.
You die...

##. #. ....# #.. #. .... #.#
#. ... #.# #. .. ##.# #. ##.#
#..#### #. #..# ##......
..####.##g#############.......
......>..gggg@).....##...<....
.......).gg########...........
...........# ####........
...........# #...††...
...........# #........
#.....(..... ##.......
..##......... ##...>.. #.
........#.. #######


You could see Robin, 3 hobgoblins and 3 goblins.

Vanquished Creatures
  A dart slug (D:1)
  2 ball pythons (D:2)
  A bat (D:1)
  2 endoplasms (D:1)
  A giant cockroach (D:2)
  4 goblins (D:2)
  2 hobgoblins (D:1)
  A quokka (D:1)
  A rat (D:1)
15 creatures vanquished.

Notes
Turn   | Place    | Note
-------+----------+-------------------------------------------
     0 | D:1      | ScottyB the Human Necromancer began the quest for the Orb.
     0 | D:1      | Reached XP level 1. HP: 13/13 MP: 3/3
    71 | D:1      | Found Kiuly's Antique Armour Boutique.
    85 | D:1      | Got Duhainn's Almanac of Duck's Teeth
   514 | D:1      | Reached XP level 2. HP: 16/19 MP: 5/5
  1476 | D:2      | Noticed Robin
  1493 | D:2      | HP: 1/20 [goblin/+0 club (6)]
  1494 | D:2      | Reached XP level 3. HP: 1/25 MP: 6/6
  1494 | D:2      | Slain by a hobgoblin

Illustrated notes

Levels and vault maps discovered:
D:1:      dpeg_arrival_central, layout_basic, serial_shops,
          nicolae_shop_advertising_works [nicolae_subvault_shop_adworks],
          minmay_misc_feat_secret_circle, minmay_door_square,
          roderic_nine_men_s_morris
D:2:      layout_rooms, uniq_robin

Action                   || total
-------------------------++-------
Melee: Club              ||    39
       War axe           ||    28
       Punch             ||     2
 Stab: Sleeping          ||     1
Armor: Robe              ||    28
Dodge: Dodged            ||    52

Table legend: (Time is in decaauts)
 A = Elapsed time spent in this place.
 B = Non-inter-level travel time spent in this place.
 C = Inter-level travel time spent in this place.
 D = Time resting spent in this place.
 E = Time spent auto-exploring this place.
 F = Levels seen in this place.
 G = Mean time per level.
                   A        B        C        D        E       F      G
               +--------+--------+--------+--------+--------+-----+--------+
         Total |   1516 |   1516 |      0 |      0 |    249 |   2 |  758.0 |
       Dungeon |   1516 |   1516 |      0 |      0 |    249 |   2 |  758.0 |
               +--------+--------+--------+--------+--------+-----+--------+

Top non-repeatable levels by time:
     D:1: 1455 daAuts
     D:2: 61 daAuts
